 Dungeon Crawl Stone Soup version 0.25-a0-1113-g0499d652a8 (webtiles) character file.

Game seed: 11735132662277213154, levelgen mode: deterministic

4677 tilp the Quickloader (level 10, -10/61 HPs)
             Began as a Kobold Arcane Marksman on May 16, 2020.
             Was an Elder of Okawaru.
             Mangled by a komodo dragon (23 damage)
             ... on level 8 of the Dungeon.
             The game lasted 00:22:52 (12176 turns).

tilp the Quickloader (Kobold Arcane Marksman)      Turns: 12176, Time: 00:22:53

Health: -10/61     AC: 10    Str: 11    XL:     10   Next: 72%
Magic:  16/16      EV: 21    Int: 14    God:    Okawaru [****..]
Gold:   259        SH:  0    Dex: 16    Spells: 8/11 levels left

rFire    + . .     SeeInvis .   E - +2 flail
rCold    . . .     Gourm    .   (shield restricted)
rNeg     + . .     Faith    .   z - +2 ring mail {rF+}
rPois    .         Spirit   .   (no helmet)
rElec    .         Reflect  .   (no cloak)
rCorr    .         Harm     .   J - +0 pair of gloves
MR       .....                  H - +0 pair of boots
Stlth    ++++......             (no amulet)
HPRegen  0.20/turn              q - ring of positive energy
MPRegen  0.15/turn              y - ring of flight

@: heroism
A: small, carnivore
a: Heroism, Renounce Religion, Evoke Flight


You were on level 8 of the Dungeon.
You worshipped Okawaru.
Okawaru was greatly pleased with you.
You were completely stuffed.

You visited 2 branches of the dungeon, and saw 9 of its levels.

You collected 403 gold pieces.
You spent 144 gold pieces at shops.

Inventory:

Hand Weapons
 a - a +1 hand crossbow
 b - a +2 dagger of venom
 g - a +1 falchion of flaming
 r - the +4 spear of Karma {holy, rF+}
   (You found it on level 7 of the Dungeon)

   It has been blessed by the Shining One to cause great damage to the undead
   and demons.
   It protects you from fire.
 t - a +0 vorpal hand axe
 w - a +0 whip of freezing
 E - a +2 flail (weapon)
 G - a +1 vorpal war axe
Missiles
 d - 57 bolts
 e - 24 poisoned darts (quivered)
 f - 8 boomerangs
 n - a throwing net
 x - 4 curare-tipped darts
Armour
 i - a +0 leather armour
 z - a +2 ring mail of fire resistance (worn)
 H - a +0 pair of boots (worn)
 J - a +0 pair of gloves (worn)
Jewellery
 q - a ring of positive energy (left hand)
 y - a ring of flight (right hand)
Wands
 K - a wand of clouds (3)
Scrolls
 j - 6 scrolls of remove curse
 k - 3 scrolls of teleportation
 l - 5 scrolls of enchant weapon
 m - a scroll of immolation {unknown}
 s - a scroll of blinking
 u - a scroll of amnesia
 v - 2 scrolls of fog {unknown}
 C - 5 scrolls of identify
 D - a scroll of enchant armour {unknown}
 I - a scroll of noise {unknown}
Potions
 h - a potion of mutation
 o - 4 potions of haste
 p - a potion of stabbing
 A - 3 potions of lignification
 B - 2 potions of curing
 F - a potion of invisibility
Comestibles
 c - 20 rations
 L - a chunk of flesh


   Skills:
 + Level 6.7(11.7) Fighting
 - Level 4.0(9.0) Maces & Flails
 - Level 10.0(15.0) Crossbows
 + Level 6.9(11.9) Dodging
 + Level 5.7(10.7) Stealth
 - Level 1.1 Spellcasting
 - Level 3.0 Hexes
 - Level 8.0 Invocations


You had 8 spell levels left.
You knew the following spells:

 Your Spells              Type           Power        Failure   Level  Hunger
a - Corona                Hex            #......      17%         1    ##.....
b - Slow                  Hex            #.......     26%         2    ###....

Your spell library contained the following spells:

 Spells                   Type           Power        Failure   Level  Hunger
 Infusion                 Chrm           #...         50%         1    ##.....
 Shroud of Golubria       Chrm/Tloc      #.....       65%         2    ###....
 Song of Slaying          Chrm           #.......     65%         2    ###....
 Inner Flame              Hex/Fire       #.......     67%         3    ####...
 Portal Projectile        Hex/Tloc       #.....       67%         3    ####...
 Spectral Weapon          Hex/Chrm       #.......     67%         3    ####...
 Ozocubu's Armour         Chrm/Ice       #.......     86%         3    ####...
 Cause Fear               Hex            #.........   86%         4    #####..
 Leda's Liquefaction      Hex/Erth       #.........   97%         4    #####..


Dungeon Overview and Level Annotations

Branches:
Dungeon (8/15)             Temple (1/1) D:5            Lair (0/6) D:8

Altars:
Ashenzari
Cheibriados
Dithmenos
Elyvilon
Fedhas
Gozag
Hepliaklqana
Kikubaaqudgha
Makhleb
Nemelex Xobeh
Okawaru
Qazlal
Ru
Sif Muna
Trog
Uskayaw
Vehumet
Wu Jian
Xom
Yredelemnul
Zin
The Shining One

Shops:
D:6 *   D:8 *

Annotations:
D:8 Maurice


Innate Abilities, Weirdness & Mutations

You are small and have problems with some larger weapons.
You are carnivorous and can eat meat at any time.


Message History

The komodo dragon barely misses you.
You barely miss the komodo dragon.
The komodo dragon is heavily wounded.
The komodo dragon bites you!!
You barely miss the komodo dragon.
The komodo dragon is heavily wounded.
The komodo dragon bites you!
* * * LOW HITPOINT WARNING * * *
You hit the komodo dragon but do no damage.
The komodo dragon is poisoned.
The komodo dragon is heavily wounded.
There is an open door here.
Your +2 dagger of venom stops dripping with poison.
E - a +2 flail (weapon)
The komodo dragon bites you!
* * * LOW HITPOINT WARNING * * *
You barely miss the komodo dragon.
The komodo dragon is heavily wounded.
The komodo dragon bites you!!
You die... ####### ##PPPPP## #PPPPPP.#

######## #P...P..#####......#
#P.>.PPP....#......####
#P....P.....#.........#
#PP.PP......@......##.#
#PP..P......#l....###.###
#P.PP....#..#....##.....#####
#..P....##..#.<(.#.8...8.#..#
#PPP....#...'..>.#.......#...
##PP...##...#....(..._.......
##...#######....#(......#..#
#.............###.8...8.#'##
#####....>.....#.##.....##...


You could see a komodo dragon (poisoned).

Vanquished Creatures
  A hydra (D:8)
  2 dream sheep (D:8)
  2 hippogriffs (D:7)
  2 yaks (D:8)
  2 ice beasts (D:7)
  A phantom (D:8)
  An orc warrior (D:8)
  A sky beast (D:6)
  A necrophage (D:7)
  An ogre (D:7)
  5 centaurs
  3 big kobolds (D:8)
  2 bullfrogs (D:7)
  8 scorpions
  A howler monkey (D:5)
  5 wights
  A crimson imp (D:7)
  5 hounds
  A jelly (D:8)
  4 orc priests
  3 centaur skeletons
  3 orc wizards
  2 bullfrog skeletons
  2 worker ants
  A hound zombie (D:6)
  A hound skeleton (D:7)
  6 gnolls
  18 adders
  3 shadow imps
  2 adder skeletons
  A worm (D:5)
  5 dart slugs
  2 leopard geckos (D:6)
  27 orcs
  A ball python (D:3)
  7 bats
  6 giant cockroaches
  8 goblins
  5 hobgoblins
  3 jackals (D:4)
  2 quokkas
  A ball python skeleton (D:6)
  7 frilled lizards
  7 kobolds
  A quokka skeleton (D:5)
  10 rats
183 creatures vanquished.

Vanquished Creatures (others)
  7 plants (D:8)
7 creatures vanquished.

Grand Total: 190 creatures vanquished

Notes
Turn   | Place    | Note
-------+----------+-------------------------------------------
     0 | D:1      | tilp the Kobold Arcane Marksman began the quest for the
                  | Orb.
     0 | D:1      | Reached XP level 1. HP: 12/12 MP: 2/2
     1 | D:1      | Noticed an electric eel
   311 | D:1      | Reached XP level 2. HP: 17/17 MP: 1/3
   336 | D:1      | Learned a level 2 spell: Slow
   445 | D:1      | Found a glowing golden altar of the Shining One.
   911 | D:1      | Reached XP level 3. HP: 21/23 MP: 2/4
  1652 | D:2      | Reached XP level 4. HP: 29/29 MP: 3/5
  2254 | D:2      | Reached skill level 3 in Crossbows
  2513 | D:3      | Reached XP level 5. HP: 16/33 MP: 2/6
  2515 | D:3      | Reached skill level 4 in Crossbows
  2857 | D:3      | Reached skill level 5 in Crossbows
  2858 | D:3      | Reached XP level 6. HP: 29/38 MP: 5/7
  3629 | D:3      | Reached skill level 6 in Crossbows
  3865 | D:3      | Reached skill level 1 in Maces & Flails
  4267 | D:4      | Found a blossoming altar of Fedhas.
  4337 | D:4      | Reached skill level 1 in Stealth
  4618 | D:4      | Reached XP level 7. HP: 44/44 MP: 8/8
  5148 | D:5      | Entered Level 5 of the Dungeon
  5347 | D:5      | Found a staircase to the Ecumenical Temple.
  5352 | Temple   | Entered the Ecumenical Temple
  5562 | D:5      | Found an iron altar of Okawaru.
  5662 | D:5      | Became a worshipper of Warmaster Okawaru
  5845 | D:5      | Reached skill level 5 in Fighting
  6234 | D:6      | HP: 1/44 [centaur/arrow (15)]
  6383 | D:6      | Reached XP level 8. HP: 12/50 MP: 9/9
  6634 | D:6      | Reached skill level 5 in Dodging
  7361 | D:5      | Reached skill level 1 in Invocations
  7739 | D:6      | Reached * piety under Okawaru
  8091 | D:6      | Found Jistaime's General Store.
  8101 | D:6      | Bought 29 bolts for 75 gold pieces
  8442 | D:7      | Reached skill level 5 in Invocations
  8442 | D:7      | Reached XP level 9. HP: 55/55 MP: 11/13
  8575 | D:7      | Found a sparkling altar of Nemelex Xobeh.
  8867 | D:7      | Found a shimmering altar of Xom.
  8867 | D:7      | Found a shimmering altar of Xom.
  8869 | D:7      | Found a shimmering altar of Xom.
  8869 | D:7      | Found a shimmering altar of Xom.
  8869 | D:7      | Found a shimmering altar of Xom.
  8886 | D:7      | Found a shimmering altar of Xom.
  9092 | D:7      | Noticed a hippogriff
  9147 | D:7      | Reached ** piety under Okawaru
  9432 | D:7      | Noticed a queen ant
  9838 | D:7      | Noticed a hippogriff
  9863 | D:7      | Killed a hippogriff
 10006 | D:7      | Got a scorched spear
 10007 | D:7      | Identified the +4 spear of Karma {holy, rF+} (You found it
                  | on level 7 of the Dungeon)
 10285 | D:7      | Killed a hippogriff
 10433 | D:7      | Found a burning altar of Makhleb.
 10458 | D:7      | Reached skill level 7 in Crossbows
 10798 | D:8      | Found a sacrificial altar of Ru.
 10807 | D:8      | Reached *** piety under Okawaru
 10826 | D:8      | Noticed Maurice
 10855 | D:8      | Found a shadowy altar of Dithmenos.
 10972 | D:8      | Found an ancient bone altar of Kikubaaqudgha.
 11062 | D:8      | Found a white marble altar of Elyvilon.
 11078 | D:8      | Reached XP level 10. HP: 49/60 MP: 16/16
 11236 | D:8      | Reached skill level 8 in Crossbows
 11245 | D:8      | Reached skill level 9 in Crossbows
 11481 | D:8      | Noticed a two-headed hydra
 11487 | D:8      | Reached skill level 10 in Crossbows
 11493 | D:8      | Killed a one-headed hydra
 11493 | D:8      | Reached **** piety under Okawaru
 11493 | D:8      | Reached skill level 5 in Stealth
 11703 | D:8      | Found Odig's General Store.
 11747 | D:8      | Bought 23 bolts for 69 gold pieces
 11827 | D:8      | Found an opulent altar of Gozag.
 11851 | D:8      | Found a staircase to the Lair.
 11852 | D:8      | Noticed a komodo dragon
 12176 | D:8      | Mangled by a komodo dragon

Illustrated notes

Levels and vault maps discovered:
D:1:      arrival_aquarium_a, layout_basic, tso_metal_star
D:2:      layout_rooms, first_ration
D:3:      layout_loops_ring, minmay_misc_feat_secret_circle
D:4:      layout_rooms, kennysheep_mini
D:5:      layout_gridville, lemuel_doored_altar, temple_statues
D:6:      layout_rooms, serial_shops, nicolae_shop_trees
D:7:      layout_layer_cave, xom_shifter_show, overflow_temple_1_default,
          makhleb_blood_cavern_becter
D:8:      layout_gridville, kiku_gazebo_pond_becter,
          nicolae_ru_great_annihilating_truth, elyvilon_altar_5,
          grunt_gozag_statues, nicolae_overflow_crystal_walls,
          david_lair_shrubbed, serial_shops, nicolae_shop_statue_plus,
          hangedman_ranch [blue_anna_fruit_fields], uniq_maurice
Temple:   nicolae_temple_hex_pool

Skill      XL: |  1  2  3  4  5  6  7  8  9 10 |
---------------+-------------------------------+-----
Fighting       | 2 3 4 5 6 |  6.7
Crossbows      | 3 5 6 7 10 | 10.0
Maces & Flails | 1 3 4 |  4.0
Stealth        | 1 4 5 |  5.7
Dodging        | 3 4 6 |  6.9
Invocations    | 5 8 |  8.0
Spellcasting   | |  1.1
Hexes          | |  3.0

Action                   |  1- 3 |  4- 6 |  7- 9 | 10-12 || total
-------------------------+-------+-------+-------+-------++-------
Melee: Dagger            |    49 |    21 |   236 |    18 ||   324
       Mace              |     2 |    35 |       |       ||    37
       Hand crossbow     |       |     1 |       |       ||     1
       Whip              |       |    51 |    46 |       ||    97
       Flail             |       |       |    20 |     1 ||    21
       Falchion          |       |       |       |     5 ||     5
 Fire: Hand crossbow     |    50 |    75 |   156 |    78 ||   359
Throw: Dart              |       |     1 |     2 |       ||     3
 Cast: Corona            |    26 |    12 |     2 |       ||    40
       Slow              |       |       |     1 |       ||     1
Invok: Heroism           |       |       |       |     3 ||     3
  Use: Scroll            |     3 |     2 |     6 |     1 ||    12
       Potion            |       |       |     2 |       ||     2
 Stab: Sleeping          |       |       |     2 |       ||     2
       Invisible         |       |       |     1 |       ||     1
  Eat: Chunk             |    12 |     9 |    21 |     3 ||    45
Armor: Robe              |     1 |       |       |       ||     1
       Leather armour    |    14 |    27 |       |       ||    41
       Ring mail         |       |       |   139 |     6 ||   145
Dodge: Dodged            |    67 |   134 |   269 |    33 ||   503
       Rpst.: Falchion   |       |       |       |     1 ||     1

Table legend:
 A = Non-vault XP
 B = Vault XP
 C = Vault XP percentage of total XP
 D = Non-vault monster count
 E = Vault monster count
 F = Vault count percentage of total count
                 A         B        C        D         E       F
            +---------+---------+-------+---------+---------+-------
      Total |    4319 |    2363 |  35.4 |     169 |      14 |   7.7
            +---------+---------+-------+---------+---------+-------
        D:1 |      55 |       0 |   0.0 |      24 |       0 |   0.0
        D:2 |      79 |       0 |   0.0 |      19 |       0 |   0.0
        D:3 |     246 |       0 |   0.0 |      30 |       0 |   0.0
        D:4 |     275 |       0 |   0.0 |      15 |       0 |   0.0
        D:5 |     493 |       0 |   0.0 |      14 |       0 |   0.0
        D:6 |     789 |       0 |   0.0 |      29 |       0 |   0.0
        D:7 |    1572 |     143 |   8.3 |      24 |       2 |   7.7
        D:8 |     810 |    2220 |  73.3 |      14 |      12 |  46.2
            +---------+---------+-------+---------+---------+-------
